Map: Backwater LE

Players

NoMicro - Winner!

  • Race: Terran Terran
  • League: Silver
  • Spawn Location: 5:00

Test

  • Race: Terran Terran
  • Spawn Location: 11:00

VOD

Have the link to the VOD?

Description

Time

  • Played on: May 12, 2018, 2:35 p.m.
  • Length: 22:08
Show
View Real Time Build Order
Export as new Build Order

NoMicro Terran - Winner!

Build Orders: Reaper Expand 

Get SALT Encoding   

  12  0:03  SCV  
  13  0:19  SCV, Supply Depot  
  14  0:31  SCV  
  15  0:44  SCV  
  15  0:48  Barracks  
  16  0:53  Refinery  
  16  1:03  SCV  
  17  1:15  SCV  
  18  1:30  SCV  
  19  1:50  Orbital Command  
  19  1:55  Refinery  
  19  2:03  Reaper  
  19  2:06  Supply Depot  
  20  2:08  Command Center  
  20  2:18  SCV  
  21  3:02  Factory  
  21  3:03  Factory  
  21  3:04  Marine  
  22  3:08  SCV  
  22  3:20  SCV  
  22  3:27  Marine  
  22  3:29  Orbital Command  
  23  3:38  Supply Depot  
  23  3:45  Marine  
  24  3:50  Factory Tech Lab x2  
  24  4:01  SCV x2  
  26  4:14  Siege Tank x2  
  32  4:23  Engineering Bay  
  32  4:26  Barracks Reactor  
  32  4:27  SCV  
  32  4:28  SCV  
  34  4:37  Command Center  
  34  4:40  SCV  
  34  4:43  Starport  
  35  4:48  SCV  
  35  4:52  SCV  
  37  5:00  SCV  
  38  5:09  Siege Tank x2  
  38  5:11  SCV  
  38  5:12  SCV  
  46  5:23  SCV  
  46  5:24  SCV  
  46  5:26  Marine x2  
  50  5:32  Starport Reactor  
  50  5:38  Missile Turret  
  50  5:41  Missile Turret  
  50  5:52  Orbital Command  
  50  6:00  SCV x2  
  52  6:12  SCV, Viking  
  52  6:13  Viking  
  57  6:27  Missile Turret  
  57  6:31  Missile Turret  
  57  6:34  Missile Turret  
  57  6:42  Viking x2  
  57  6:43  Refinery  
  61  6:47  Missile Turret  
  61  6:51  Armory  
  61  6:55  Armory  
  61  6:59  Refinery  
  61  7:01  Refinery  
  61  7:07  Refinery  
  61  7:10  Missile Turret  
  61  7:12  Viking  
  63  7:32  SCV x3  
  66  7:44  SCV x2  
  68  7:54  Supply Depot  
  68  7:55  Terran Ship Weapons Level 1, Supply Depot  
  68  7:56  Terran Vehicle And Ship Armor Level 1, Supply Depot x2  
  68  7:57  Supply Depot  
  68  7:58  Supply Depot x2  
  68  8:23  Missile Turret  
  68  8:31  Starport  
  68  8:36  Viking x2  
  72  8:51  Thor  
  72  8:54  Thor  
  84  9:06  Viking x2  
  88  9:36  Viking  
  88  9:38  Missile Turret  
  90  9:45  Command Center  
  90  9:52  Terran Vehicle Weapons Level 1  
  90  9:59  Terran Ship Weapons Level 2  
  90  10:23  Starport Tech Lab  
  82  12:09  Siege Tank  
  82  12:10  Siege Tank  
  88  12:21  Viking x2  
  92  12:26  Terran Ship Weapons Level 3  
  92  12:27  Terran Vehicle Weapons Level 2  
  92  12:41  Siege Tank  
  92  12:42  Siege Tank  
  98  12:50  Missile Turret  
  98  12:51  Viking x2  
  66  14:37  Planetary Fortress  
  66  15:02  Refinery  
  66  15:03  Refinery  
  66  15:06  Thor  
  66  15:07  Thor  
  72  15:11  Terran Vehicle Weapons Level 3  
  72  15:12  Terran Vehicle And Ship Armor Level 2  
  78  15:31  Marine  
  78  15:32  Marine  
  80  15:41  Command Center  
  80  15:46  Command Center  
  80  15:48  SCV x4  
  80  15:49  Marine, Thor x2  
  91  15:50  Marine  
  98  16:00  SCV x2  
  100  16:07  Marine x2  
  102  16:14  Factory  
  102  16:15  Viking  
  102  16:16  Viking  
  106  16:25  Marine x2  
  108  16:45  Viking  
  108  16:46  Viking  
  112  17:00  Factory Tech Lab  
  112  17:06  Orbital Command, Factory  
  112  17:07  Factory  
  112  17:08  Factory  
  112  17:15  Viking  
  112  17:16  Viking  
  90  17:45  Viking x2  
  59  18:00  Factory Tech Lab  
  59  18:01  Factory Tech Lab x2  
  57  18:07  Thor  
  57  18:08  Thor x2  
  67  18:26  Thor x2  
  67  18:27  Thor  
  85  18:34  Planetary Fortress  
  85  18:40  Refinery  
  85  18:42  Refinery  
  85  18:43  Refinery  
  85  18:50  Thor x2  
  85  18:51  Thor  
  103  19:06  SCV  
  103  19:09  Thor  
  110  19:10  Command Center  
  110  19:16  SCV  
  111  19:18  SCV  
  111  19:19  SCV  
  113  19:24  SCV  
  113  19:27  Thor x2  
  113  19:28  SCV  
  113  19:31  SCV x2  
  128  19:33  Thor x3  
  128  19:36  SCV  
  148  19:40  SCV  
  148  19:43  SCV x2, Refinery  
  151  19:48  SCV  
  151  19:52  SCV, Thor  
  159  19:55  SCV x2  
  161  20:00  SCV  
  161  20:04  SCV  
  163  20:08  SCV  
  163  20:10  Thor  
  170  20:15  Supply Depot  
  170  20:17  Supply Depot  
  170  20:18  Supply Depot  
  170  20:21  SCV x2, Thor  
  170  20:27  Planetary Fortress  
  178  20:33  SCV, Refinery  
  174  20:46  SCV  
  165  21:09  Thor x3  
  165  21:10  Thor  
  189  21:21  Thor  
  189  21:22  Thor  
Show
View Real Time Build Order
Export as new Build Order

Test Terran 

Build Orders: MMM Bio 

Get SALT Encoding   

  12  0:00  SCV  
  13  0:14  Supply Depot  
  13  0:18  SCV  
  14  0:30  SCV  
  14  0:32  Refinery  
  15  0:46  Barracks  
  15  0:48  SCV  
  16  1:00  SCV  
  17  1:12  SCV  
  18  1:24  SCV  
  19  1:33  Marine  
  19  1:36  SCV  
  21  1:41  Command Center  
  21  1:48  SCV  
  22  1:59  Refinery  
  22  2:00  SCV  
  23  2:08  Supply Depot  
  23  2:13  Barracks Reactor  
  23  2:22  Factory  
  23  2:30  SCV  
  24  2:42  SCV, Factory  
  24  2:54  SCV  
  24  2:55  Marine  
  24  2:57  Marine, Barracks  
  27  3:05  Factory Tech Lab  
  26  3:14  Marine  
  27  3:26  SCV  
  28  3:28  Siege Tank  
  28  3:31  Marine  
  28  3:32  Marine  
  33  3:41  Engineering Bay  
  33  3:44  Factory Tech Lab  
  33  3:45  Factory Reactor  
  33  3:48  Marine  
  33  3:50  Marine  
  33  3:52  Barracks Tech Lab  
  35  4:02  Orbital Command  
  35  4:06  Marine  
  35  4:08  Marine  
  40  4:10  Siege Tank  
  40  4:21  SCV  
  41  4:30  Refinery  
  41  4:33  SCV  
  42  4:42  Siege Tank  
  42  4:43  Refinery  
  45  4:45  SCV  
  46  5:00  Starport  
  46  5:09  Supply Depot  
  46  5:10  Supply Depot  
  46  5:27  Stimpack  
  46  5:31  Marine x3, SCV x2, Siege Tank  
  54  5:40  Starport Reactor  
  54  5:43  SCV x2  
  56  5:54  Starport  
  56  5:55  SCV x2  
  58  6:01  Terran Infantry Weapons Level 1  
  58  6:07  SCV x2  
  58  6:08  Armory  
  60  6:12  Marine  
  60  6:13  Marine  
  62  6:22  Supply Depot  
  62  6:43  Marine, SCV x2, Siege Tank, Medivac  
  62  6:46  Supply Depot  
  70  6:47  Starport Tech Lab  
  70  6:48  Supply Depot  
  70  6:51  Missile Turret  
  70  7:00  Missile Turret  
  70  7:05  Missile Turret  
  70  7:07  Marine x2, SCV x2  
  70  7:08  Marine  
  75  7:19  SCV  
  75  7:22  Medivac  
  78  7:25  Banshee  
  81  7:32  SCV  
  81  7:33  Terran Vehicle Weapons Level 1  
  81  7:35  Marine  
  83  7:37  Marine  
  83  7:38  Supply Depot x2  
  83  7:40  Combat Shields  
  83  7:44  SCV  
  85  7:59  Medivac  
  85  8:05  SCV  
  88  8:07  Banshee  
  91  8:13  Marine x2, Marauder  
  91  8:15  Terran Infantry Weapons Level 2  
  91  8:17  SCV  
  96  8:30  Marine, Medivac  
  99  8:35  Marauder  
  99  8:40  Cloaking Field  
  101  8:55  Sensor Tower  
  101  9:03  Armory  
  101  9:22  Supply Depot x2  
  101  9:23  Banshee  
  101  9:26  Supply Depot  
  101  9:27  Supply Depot  
  101  9:28  Supply Depot, Terran Vehicle And Ship Armor Level 1  
  101  9:29  Supply Depot  
  101  9:34  Command Center  
  101  9:46  SCV x2  
  103  10:03  Command Center  
  103  10:09  Missile Turret  
  103  10:12  Refinery  
  103  10:17  Orbital Command  
  103  10:20  Marine x2  
  103  10:21  Marauder  
  107  10:27  Raven  
  109  10:31  Refinery  
  109  10:33  SCV  
  110  10:38  Marine  
  110  10:40  Marine  
  110  10:42  Missile Turret, Marauder  
  114  10:43  Refinery  
  114  10:44  Viking x2  
  114  10:45  SCV  
  119  10:56  Sensor Tower, Refinery  
  120  10:57  SCV  
  120  11:04  Marauder  
  122  11:10  Sensor Tower, Raven  
  110  11:18  Marine x2  
  110  11:25  Marauder  
  114  11:27  Cyclone x2  
  115  11:36  Marine x2, SCV  
  115  11:39  SCV  
  119  11:45  Missile Turret  
  119  11:46  Marauder  
  121  11:48  SCV  
  121  11:51  SCV  
  121  11:52  Raven  
  121  11:54  Marine x2  
  123  12:01  SCV  
  126  12:03  SCV  
  126  12:05  Missile Turret  
  126  12:06  Terran Vehicle And Ship Armor Level 2, Terran Vehicle Weapons Level 2  
  126  12:08  Marauder  
  127  12:13  SCV  
  128  12:25  SCV  
  128  12:28  Missile Turret  
  128  12:29  Marauder  
  131  12:32  Missile Turret  
  131  12:35  Missile Turret  
  131  12:36  Missile Turret  
  131  12:49  Missile Turret  
  131  12:57  Missile Turret x2  
  129  13:14  Concussive Shells  
  129  13:19  Viking x2  
  133  13:20  Viking  
  133  13:25  Planetary Fortress  
  135  13:30  Planetary Fortress  
  128  13:49  Viking x2  
  128  13:50  Viking  
  98  14:19  Marine x2, Viking x2  
  98  14:20  Marauder, Viking  
  98  14:27  SCV  
  83  14:35  Thor  
  83  14:37  Marine x2  
  89  14:39  SCV  
  89  14:41  Cyclone, Marauder  
  89  14:44  Cyclone  
  98  14:49  Viking x3  
  98  14:51  SCV  
  105  14:55  Marine x2  
  107  15:03  SCV, Marauder  
  110  15:13  Marine x2, Cyclone  
  115  15:14  SCV  
  115  15:15  SCV  
  115  15:16  Cyclone  
  115  15:18  Thor  
  115  15:19  Medivac, Viking  
  130  15:24  Marauder  
  130  15:26  SCV  
  133  15:38  SCV  
  134  15:43  Terran Vehicle Weapons Level 3  
  134  15:46  Marauder  
  136  15:55  Marine x2  
  138  16:00  Cyclone x2, Thor  
  150  16:07  Marauder  
  152  16:16  Command Center  
  152  16:28  Marauder  
  152  16:32  Cyclone  
  159  16:33  Hellbat  
  159  16:40  SCV x3  
  159  16:43  Thor  
  168  16:49  Barracks Reactor  
  168  16:52  Medivac  
  168  16:53  Medivac  
  172  17:14  Sensor Tower  
  172  17:15  Cyclone  
  172  17:16  Cyclone  
  172  17:22  Medivac, Supply Depot  
  178  17:23  Supply Depot  
  178  17:24  Refinery  
  178  17:27  Refinery, Thor  
  178  17:28  Medivac  
  141  17:48  Cyclone x2  
  128  18:03  Planetary Fortress  
  122  18:10  Thor  
  122  18:11  SCV  
  126  18:19  SCV x3  
  127  18:20  Cyclone x2, Terran Vehicle And Ship Armor Level 3  
  127  18:23  SCV  
  134  18:31  SCV x3  
  137  18:35  SCV, Factory  
  138  18:47  SCV, Factory  
  139  18:52  Cyclone x2  
  139  18:53  Thor  
  151  18:59  SCV  
  152  19:04  Viking x2  
  152  19:05  Viking x2  
  152  19:07  SCV  
  152  19:08  SCV  
  152  19:09  SCV x2  
  164  19:19  SCV  
  168  19:24  Cyclone x2  
  168  19:26  Terran Ship Weapons Level 1  
  171  19:31  SCV, Factory  
  171  19:34  Viking x2  
  171  19:35  Viking  
  171  19:36  Thor  
  184  19:56  Cyclone x2  
  190  20:19  Thor  
  196  20:28  Cyclone  
  199  20:33  Liberator x2  
  199  20:34  Liberator x2  
  150  21:01  Thor  
  156  21:12  Cyclone x2  
  124  21:53  SCV x2  
Tags
 
Composition
MMM Bio
League
Silver
Matchup
TvT
Race
Terran
Spawn Locations
Cross Positions
Add a new tag
Caveats
  • Supply blocks, unpowered buildings, or Contaminate may cause inaccurate times.
  • Supply counts are checked every 10 seconds.